[Event "*** SCC Grand Prix: Titled Tuesday Blitz"]
[Site "Chess.com"]
[Date "2020.07.14"]
[Round "5"]
[White "Supernotar"]
[Black "pedromartinez91"]
[Result "1-0"]
[WhiteElo "2833"]
[BlackElo "2529"]
[TimeControl "180+1"]
[EndTime "10:59:37 PDT"]
[Termination "Supernotar won on time"]

1. d4 d5 2. c4 e5 3. dxe5 d4 4. Nf3 Nc6 5. g3 Nge7 6. Bg2 Ng6 7. Bg5 Qd7 8. O-O Bc5 9. Nbd2 a5 10. Nb3 Ba7 11. c5 O-O 12. Nfxd4 Nxd4 13. Nxd4 Bxc5 14.
Nb3 Qxd1 15. Raxd1 Bb6 16. e6 fxe6 17. Nd4 c6 18. Be3 e5 19. Nc2 Bxe3 20. Nxe3 Be6 21. a3 Rad8 22. Be4 Ne7 23. Rxd8 Rxd8 24. Rd1 Rxd1+ 25.
Nxd1 Nd5 26. Kf1 Nb6 27. Ke1 Nc4 28. e3 h6 29. Ke2 Kf8 30. Kd3 Nd6 31. Bg2 Ke7 32.
Nc3 Bc4+ 33. Kc2 Ke6 34. Ne4 Nxe4 35. Bxe4 Bd5 36. Bd3 e4 37. Be2 c5 38. Kc3 Ke5 39. h4 g5 40. hxg5 hxg5 41. Bb5 b6 42. Bd7 Kd6 43.
Bb5 Bc6 44. Be2 b5 45. Bh5 Bd5 46. Be8 b4+ 47. axb4 axb4+ 48. Kd2 c4 49. Bg6 Kc5 50. Be8 Bc6 51. Bf7 Kb5 52. Be6 Kc5 53. Bf7 Bd5 54.
Be8 Kd6 55. Bb5 Ke5 56. Bd7 Be6 57. Bc6 Kf5 58. Bb7 Ke5 59. Bc6 Bd5 60. Bd7 Kf6 61. Bc8 Kg6 62. Bg4 Kf6 63. Bd7 Ke7 64. Bg4 Be6 65.
Be2 Kd6 66. Bh5 Kc5 67. Be8 Bd5 68. Bd7 Kb6 69. Be8 Bc6 70. Bf7 Kb5 71. Be6 Bb7 72.
Kc2 Bc6 73. Bf7 Kc5 74. Be6 Bd5 75. Bd7 Kd6 76. Bc8 Bc6 77. Kd2 Ba4 78. Bb7 Bc6 79. Bc8 Kc7 80. Be6 Bb5 81. Bd5 Kb6 82. Bxe4 Ka5 83.
f4 gxf4 84. exf4 Kb6 85. g4 Kc5 86. Ke3 c3 87. bxc3 bxc3 88. Bc2 Kb4 89. g5 Ba4 90. Be4 c2 91. Kd2 Kc5 92. Bxc2 Be8 93. Ke3 Kd6 94. Be4 Ke7 95. f5 Bh5 96. Kf4 Kf7 97. f6 Kf8 98. Bd5 Bg6 99. Kg4 Be8 100. Kf5 Bd7+ 101. Be6 Be8 102. g6 Bd7 103. g7+ Ke8 104. Bxd7+ 1-0

[Event "*** SCC Grand Prix: Titled Tuesday Blitz"]
[Site "Chess.com"]
[Date "2020.07.14"]
[Round "6"]
[White "LyonBeast"]
[Black "mishikomchedlishvili"]
[Result "0-1"]
[WhiteElo "3009"]
[BlackElo "2775"]
[TimeControl "180+1"]
[EndTime "11:00:46 PDT"]
[Termination "mishikomchedlishvili won by resignation"]

1. b3 d5 2. Bb2 Bg4 3. g3 c6 4. Bg2 Nd7 5. Nf3 Ngf6 6. O-O e6 7. d3 Bc5 8. Nbd2 O-O 9. e3 a5 10. Ba3 Bxa3 0-1

[Event "*** SCC Grand Prix: Titled Tuesday Blitz"]
[Site "Chess.com"]
[Date "2020.07.14"]
[Round "6"]
[White "queen_iryna"]
[Black "Dr_crypt"]
[Result "1-0"]
[WhiteElo "2261"]
[BlackElo "2386"]
[TimeControl "180+1"]
[EndTime "11:01:04 PDT"]
[Termination "queen_iryna won by checkmate"]

1. d4 e6 2. e4 d5 3. Nc3 dxe4 4. Nxe4 Nf6 5. Bg5 Be7 6. Bxf6 Bxf6 7. Nf3 b6 8. Bd3 Bb7 9. c3 O-O 10. Qc2 Nd7 11.
h4 c5 12. Neg5 h6 13. Bh7+ Kh8 14. Bg8 Bxg5 15. Qh7# 1-0

[Event "*** SCC Grand Prix: Titled Tuesday Blitz"]
[Site "Chess.com"]
[Date "2020.07.14"]
[Round "6"]
[White "RusPakhom"]
[Black "guillembaches"]
[Result "1/2-1/2"]
[WhiteElo "2282"]
[BlackElo "2412"]
[TimeControl "180+1"]
[EndTime "11:02:10 PDT"]
[Termination "Game drawn by agreement"]

1. e4 c5 2. c3 d5 3. exd5 Qxd5 4. d4 Nc6 5. Nf3 Bg4 6. Be2 cxd4 7. cxd4 e6 8. O-O Bb4 9. a3 Ba5 10. b4 Bb6 11. Nc3 Qd8 12. d5 exd5 13. Nxd5 Nge7 14. Nxb6 axb6 15. Be3 Nd5 1/2-1/2

[Event "*** SCC Grand Prix: Titled Tuesday Blitz"]
[Site "Chess.com"]
[Date "2020.07.14"]
[Round "6"]
[White "MIJUAREZ"]
[Black "Matols"]
[Result "1-0"]
[WhiteElo "2391"]
[BlackElo "2217"]
[TimeControl "180+1"]
[EndTime "11:02:22 PDT"]
[Termination "MIJUAREZ won by resignation"]

1. e4 e6 2. d4 d5 3. e5 c5 4. c3 Nc6 5. Nf3 Qb6 6. a3 Nh6 7. b4 cxd4 8. cxd4 Nf5 9. Bb2 Be7 10. Bd3 O-O 11. O-O Bd7 12. Nc3 Nh4 13.
Nxh4 Bxh4 14. Qh5 1-0

[Event "*** SCC Grand Prix: Titled Tuesday Blitz"]
[Site "Chess.com"]
[Date "2020.07.14"]
[Round "6"]
[White "gixfantastix"]
[Black "BJthechessgod"]
[Result "0-1"]
[WhiteElo "2104"]
[BlackElo "2300"]
[TimeControl "180+1"]
[EndTime "11:02:41 PDT"]
[Termination "BJthechessgod won by checkmate"]

1. d4 Nf6 2. Nc3 d6 3. e4 g6 4. h4 Bg7 5. Bg5 h5 6. Qd2 c6 7. O-O-O b5 8. f3 Qa5 9. Kb1 Be6 10. Nh3 b4 11. Ne2 Qxa2+ 12. Kc1 Qa1# 0-1

[Event "*** SCC Grand Prix: Titled Tuesday Blitz"]
[Site "Chess.com"]
[Date "2020.07.14"]
[Round "6"]
[White "GAusal"]
[Black "giantslayer83"]
[Result "0-1"]
[WhiteElo "2060"]
[BlackElo "2727"]
[TimeControl "180+1"]
[EndTime "11:03:14 PDT"]
[Termination "giantslayer83 won by resignation"]

1. d4 f5 2. g3 Nf6 3. Bg2 g6 4.
Nh3 Bg7 5. O-O O-O 6. c4 d6 7. Nc3 c6 8. e4 fxe4 9. Nf4 d5 10. cxd5 cxd5 11. Qb3 e6 12. Re1 Nc6 13. Be3 Kh8 14. h4 Ng4 15. a3 Nxd4 16. Bxd4 Bxd4 17.
Rad1 Bxf2+ 18. Kh1 Bxg3 19. Nh3 Qxh4 20. Ne2 Nf2+ 21. Kg1 Nxh3+ 22. Bxh3 Bxe1 23. Qb4 Bxb4 0-1

[Event "*** SCC Grand Prix: Titled Tuesday Blitz"]
[Site "Chess.com"]
[Date "2020.07.14"]
[Round "6"]
[White "harlem4brew"]
[Black "PattyCastillo"]
[Result "0-1"]
[WhiteElo "2094"]
[BlackElo "1946"]
[TimeControl "180+1"]
[EndTime "11:03:14 PDT"]
[Termination "PattyCastillo won by checkmate"]

1. d4 d5 2. Nf3 Nf6 3. c4 c6 4. Nc3 e6 5. Bg5 h6 6. Bxf6 Qxf6 7. e4 dxe4 8. Nxe4 Qf4 9. Bd3 Bb4+ 10. Nfd2 O-O 11.
O-O e5 12. dxe5 Qxe5 13. Qb3 Ba5 14. Rae1 Bc7 15. Nf3 Qf4 16. Bb1 Bg4 17. h3 Bxf3 18. Qxf3 Qh2# 0-1

[Event "*** SCC Grand Prix: Titled Tuesday Blitz"]
[Site "Chess.com"]
[Date "2020.07.14"]
[Round "6"]
[White "bmt011"]
[Black "Ceejay271"]
[Result "1-0"]
[WhiteElo "2123"]
[BlackElo "2317"]
[TimeControl "180+1"]
[EndTime "11:03:18 PDT"]
[Termination "bmt011 won by resignation"]

1. d4 Nf6 2. Bf4 d5 3. e3 e6 4. Nf3 Bd6 5. Ne5 O-O 6. Bd3 c5 7. c3 b6 8. Qe2 a5 9. Nd2 Ba6 10. Bxa6 Nxa6 11. O-O Qc7 12. Rac1 Rac8 13. Qxa6 Nh5 14.
Qe2 Nxf4 15. exf4 Rfe8 16. g3 cxd4 17. cxd4 Qxc1 18. Rxc1 Rxc1+ 19. Kg2 Rec8 20. Qb5 R1c2 21. Ndf3 f6 22. Qxb6 fxe5 23. Qxd6 e4 24. Qxe6+ 1-0

[Event "*** SCC Grand Prix: Titled Tuesday Blitz"]
[Site "Chess.com"]
[Date "2020.07.14"]
[Round "6"]
[White "LastHeroJr"]
[Black "deep306"]
[Result "1-0"]
[WhiteElo "2467"]
[BlackElo "2590"]
[TimeControl "180+1"]
[EndTime "11:03:20 PDT"]
[Termination "LastHeroJr won by checkmate"]

1. e4 e5 2. Nf3 Nc6 3. Bc4 Bc5 4.
O-O Nf6 5. d3 O-O 6. a4 a6 7. c3 Ba7 8. h3 h6 9. Nbd2 d6 10. Re1 Ne7 11. Nf1 Ng6 12. Ng3 c6 13. Bb3 Qc7 14. d4 Bd7 15. Be3 a5 16. Qd2 Rae8 17.
Bxh6 gxh6 18. Qxh6 d5 19. Ng5 Re6 20. Nh5 Rfe8 21. Qg7# 1-0

[Event "*** SCC Grand Prix: Titled Tuesday Blitz"]
[Site "Chess.com"]
[Date "2020.07.14"]
[Round "6"]
[White "Roza_Idrisova"]
[Black "Steven_Rojas"]
[Result "0-1"]
[WhiteElo "2243"]
[BlackElo "2401"]
[TimeControl "180+1"]
[EndTime "11:03:21 PDT"]
[Termination "Steven_Rojas won by resignation"]

1. d4 d5 2. Nf3 Nf6 3. Bg5 Ne4 4. Bf4 c5 5. c3 e6 6. e3 Bd6 7. Bg3 O-O 8. Nbd2 f5 9. Bxd6 Qxd6 10. Bd3 Nc6 11.
g3 e5 12. dxe5 Nxe5 13. Nxe5 Qxe5 14. Nf3 Qe7 15. Bxe4 dxe4 16. Nh4 Be6 17. Qe2 Qf7 18. b3 Rfd8 19. Ng2 g5 20. h4 h6 21. hxg5 hxg5 22. Qh5 Qg7 23. Rc1 Bf7 24. Qh6 Qxh6 25. Rxh6 Kg7 26.
Rh1 Rd3 27. Ke2 Rad8 28. Rhd1 Rxd1 29. Rxd1 Bh5+ 30. f3 Bxf3+ 0-1

[Event "*** SCC Grand Prix: Titled Tuesday Blitz"]
[Site "Chess.com"]
[Date "2020.07.14"]
[Round "6"]
[White "GuuBol"]
[Black "colegiodemadrid"]
[Result "1-0"]
[WhiteElo "2250"]
[BlackElo "2382"]
[TimeControl "180+1"]
[EndTime "11:03:33 PDT"]
[Termination "GuuBol won by resignation"]

1. e4 c5 2. d4 cxd4 3. c3 dxc3 4. Nxc3 Nc6 5. Nf3 Nf6 6. Bc4 e6 7. e5 Ng4 8. Qe2 Qc7 9. Bf4 f6 10. Nb5 Qb8 11. O-O Ngxe5 12. Nxe5 Nxe5 13. Rfe1 d6 14. Nd4 d5 15. Bxe5 Qxe5 16. Bb5+ Bd7 17. Qg4 h5 18. Qg6+ 1-0

[Event "*** SCC Grand Prix: Titled Tuesday Blitz"]
[Site "Chess.com"]
[Date "2020.07.14"]
[Round "6"]
[White "AldokhinIvan"]
[Black "f3andwins"]
[Result "1-0"]
[WhiteElo "2582"]
[BlackElo "2441"]
[TimeControl "180+1"]
[EndTime "11:03:34 PDT"]
[Termination "AldokhinIvan won by checkmate"]

1. e4 e5 2. Nf3 Nc6 3. Bb5 Nf6 4. O-O Nxe4 5. Re1 Nd6 6. Bxc6 dxc6 7. Nxe5 Be7 8. b3 O-O 9. Bb2 Nf5 10. Nc3 c5 11. Ne4 Be6 12. Ng3 Nxg3 13. hxg3 g6 14. Qf3 Bd5 15. Ng4 Bxf3 16. Nh6# 1-0

[Event "*** SCC Grand Prix: Titled Tuesday Blitz"]
[Site "Chess.com"]
[Date "2020.07.14"]
[Round "6"]
[White "ellatambien"]
[Black "Niclox"]
[Result "1-0"]
[WhiteElo "2575"]
[BlackElo "2716"]
[TimeControl "180+1"]
[EndTime "11:03:51 PDT"]
[Termination "ellatambien won by resignation"]

1. e4 c5 2. Nf3 d6 3. Bb5+ Bd7 4. Bxd7+ Qxd7 5. c4 Nc6 6. d4 cxd4 7. Nxd4 g6 8.
Nc3 Bg7 9. Nde2 Nf6 10. f3 O-O 11. Be3 a6 12. a4 e6 13. O-O Nb4 14. Qd2 d5 15.
cxd5 exd5 16. Bc5 Nc6 17. Bxf8 Rxf8 18. Nxd5 Nxd5 19. Qxd5 Qc7 20. a5 Nb4 21. Qb3 Qc5+ 22. Kh1 Nc6 23. Qxb7 1-0

[Event "*** SCC Grand Prix: Titled Tuesday Blitz"]
[Site "Chess.com"]
[Date "2020.07.14"]
[Round "6"]
[White "grunbergmihai"]
[Black "Manukyan_Artak"]
[Result "1-0"]
[WhiteElo "2522"]
[BlackElo "2364"]
[TimeControl "180+1"]
[EndTime "11:03:54 PDT"]
[Termination "grunbergmihai won by resignation"]

1. Nf3 c6 2. g3 d5 3. Bg2 Nf6 4. O-O Bf5 5. d3 Nbd7 6. c4 e6 7. Nc3 Be7 8. cxd5 cxd5 9. Qb3 Nc5 10. Qc2 Rc8 11. Nd4 Bg6 12. b4 Ncd7 13. Qb3 O-O 14. a3 h5 15. Bg5 Qb6 16. Nf3 Rfe8 17. Rac1 Kf8 18. h4 Ng4 19. Bxe7+ Rxe7 20. Nxd5 Qd8 21.
Nxe7 Rxc1 22. Nxg6+ 1-0

[Event "*** SCC Grand Prix: Titled Tuesday Blitz"]
[Site "Chess.com"]
[Date "2020.07.14"]
[Round "6"]
[White "pedro_gines"]
[Black "rugbyclub"]
[Result "1-0"]
[WhiteElo "2405"]
[BlackElo "2110"]
[TimeControl "180+1"]
[EndTime "11:03:55 PDT"]
[Termination "pedro_gines won by resignation"]

1. e4 e5 2. Nc3 Nf6 3. Bc4 Nxe4 4. Qh5 Nd6 5. Bb3 Nc6 6. Nb5 g6 7. Qf3 f5 8. Qd5 Qf6 9. Nxc7+ Kd8 10. Nxa8 b6 11. Qf3 Bb7 12. Qd1 Bxa8 13. c3 e4 14. d4 exd3 15. Nf3 Ne5 16. Bg5 Nxf3+ 17. Qxf3 Qxg5 18. Qxa8+ Ke7 19. O-O Bg7 20. Qd5 Ne4 21.
Rae1 d2 22. Rxe4+ fxe4 23. Qxg5+ 1-0

[Event "*** SCC Grand Prix: Titled Tuesday Blitz"]
[Site "Chess.com"]
[Date "2020.07.14"]
[Round "6"]
[White "CroissantNeuf"]
[Black "Jungle_Jaguar"]
[Result "0-1"]
[WhiteElo "2408"]
[BlackElo "2662"]
[TimeControl "180+1"]
[EndTime "11:04:02 PDT"]
[Termination "Jungle_Jaguar won by resignation"]

1. e4 e5 2. Bc4 Nc6 3. Nc3 Nf6 4. d3 Bc5 5. f4 h5 6. fxe5 Ng4 7. Nh3 Qh4+ 8. Kf1 Ncxe5 9. Bg5 Ne3+ 10.
Bxe3 Bxe3 11. Nd5 Bb6 12. Bb3 d6 13. Nxb6 axb6 14. d4 Bxh3 15. dxe5 Qxe4 16. Qe2 Qxe2+ 17. Kxe2 Bg4+ 0-1

[Event "*** SCC Grand Prix: Titled Tuesday Blitz"]
[Site "Chess.com"]
[Date "2020.07.14"]
[Round "6"]
[White "WonderChampion"]
[Black "PIwan"]
[Result "0-1"]
[WhiteElo "2010"]
[BlackElo "2490"]
[TimeControl "180+1"]
[EndTime "11:04:03 PDT"]
[Termination "PIwan won by checkmate"]

1. d4 c6 2. e4 d5 3. exd5 cxd5 4. c3 Nc6 5. Bd3 g6 6. Nf3 Bg7 7. Nbd2 Nf6 8. O-O Bf5 9. Re1 Bxd3 10. Nb3 Bf5 11.
Ne5 O-O 12. Bf4 Nxe5 13. dxe5 Ne8 14. Nd4 Nc7 15. Qf3 Be4 16. Qg3 Ne6 17. Nxe6 fxe6 18.
h4 Qe8 19. f3 Qf7 20. Bg5 Bd3 21. Re3 Bb5 22. a4 Bc6 23. b4 h6 24. b5 Bd7 25.
Bxh6 Bxh6 26. Rd3 Bf4 27. Qg4 Qf5 28. h5 Qxg4 29. fxg4 Bxe5 30. hxg6 Kg7 31. Re1 Bd6 32. Red1 Bc5+ 33. Kh2 Bf2 34. g3 Bb6 35. c4 Rf2+ 36. Kh1 Rh8+ 37. Kg1 Rd2+ 38. Kf1 Rh1# 0-1

[Event "*** SCC Grand Prix: Titled Tuesday Blitz"]
[Site "Chess.com"]
[Date "2020.07.14"]
[Round "6"]
[White "JesseKraai"]
[Black "Benjoneliere44"]
[Result "0-1"]
[WhiteElo "2455"]
[BlackElo "2613"]
[TimeControl "180+1"]
[EndTime "11:04:10 PDT"]
[Termination "Benjoneliere44 won by resignation"]

1. d4 d6 2. e4 g6 3. Nc3 Bg7 4.
Nf3 a6 5. Be2 Nf6 6. O-O O-O 7.
Re1 b6 8. e5 Ne8 9. exd6 cxd6 10. Bg5 Nf6 11. Qd2 Bb7 12. d5 b5 13. a3 Nbd7 14. Nd4 Rc8 15. Bf3 Ne5 16. Rad1 Qb6 17. Nc6 Nxf3+ 18. gxf3 Bxc6 19. dxc6 Qxc6 20. Rxe7 Qxf3 21.
Qf4 Rxc3 0-1

[Event "*** SCC Grand Prix: Titled Tuesday Blitz"]
[Site "Chess.com"]
[Date "2020.07.14"]
[Round "6"]
[White "andrzej"]
[Black "FearNoEvil12"]
[Result "1-0"]
[WhiteElo "2200"]
[BlackElo "2006"]
[TimeControl "180+1"]
[EndTime "11:04:29 PDT"]
[Termination "andrzej won by checkmate"]

1. e4 a6 2. d4 b5 3. Bd3 Bb7 4. f4 e6 5. Nf3 c5 6. c3 Qb6 7. Be3 Nf6 8. Nbd2 Nc6 9. O-O Ng4 10. Qe2 Nxe3 11. Qxe3 cxd4 12. Nxd4 d6 13. Kh1 e5 14. Nf5 Qxe3 15. Nxe3 exf4 16. Nd5 O-O-O 17. Rxf4 Ne5 18. Be2 f6 19. a4 bxa4 20. Rxa4 Kb8 21. Bxa6 Bxa6 22. Rxa6 Rd7 23. Rf1 Be7 24. Rfa1 Rhd8 25.
Ra8+ Kb7 26. R1a7+ Kc6 27. Ra6+ Kb5 28. Rb6+ Kc5 29.
b4# 1-0

[Event "*** SCC Grand Prix: Titled Tuesday Blitz"]
[Site "Chess.com"]
[Date "2020.07.14"]
[Round "6"]
[White "AlexOstrovskiy"]
[Black "amatatanav"]
[Result "1-0"]
[WhiteElo "2632"]
[BlackElo "2463"]
[TimeControl "180+1"]
[EndTime "11:04:38 PDT"]
[Termination "AlexOstrovskiy won by resignation"]

1. d4 Nf6 2. Bf4 e6 3. e3 b6 4. Qf3 d5 5. Nc3 Bb4 6. Ne2 h6 7. a3 Bd6 8. g4 Ba6 9. Bg2 Nc6 10.
O-O-O Qe7 11. h4 Ne4 12. Nxe4 Bxa3 13. bxa3 Qxa3+ 14. Kd2 dxe4 15. Qxe4 Bb7 16. Qd3 Na5 17. Qxa3 1-0

[Event "*** SCC Grand Prix: Titled Tuesday Blitz"]
[Site "Chess.com"]
[Date "2020.07.14"]
[Round "6"]
[White "DonBroca"]
[Black "MashaFromRussia"]
[Result "0-1"]
[WhiteElo "2125"]
[BlackElo "2422"]
[TimeControl "180+1"]
[EndTime "11:04:41 PDT"]
[Termination "MashaFromRussia won by resignation"]

1. c4 e5 2. Nc3 d6 3. e3 f5 4. d4 e4 5. Nge2 Nf6 6. g3 g6 7.
Bg2 Bg7 8. O-O O-O 9. b3 c6 10. Bb2 Be6 11. Qc2 Nbd7 12. Rfd1 Qe7 13. Rd2 d5 14.
Rad1 g5 15. Na4 Rac8 16. Nc5 b6 17. Nxd7 Bxd7 18. c5 b5 19. a4 a6 20. axb5 axb5 21. f4 exf3 22. Bxf3 Qxe3+ 23. Kg2 Ne4 24. Rd3 Qf2+ 25.
Kh1 f4 26. Bg2 f3 27. Bxf3 Rxf3 0-1

[Event "*** SCC Grand Prix: Titled Tuesday Blitz"]
[Site "Chess.com"]
[Date "2020.07.14"]
[Round "6"]
[White "quesfr"]
[Black "Unknown_IM"]
[Result "0-1"]
[WhiteElo "2211"]
[BlackElo "2381"]
[TimeControl "180+1"]
[EndTime "11:04:51 PDT"]
[Termination "Unknown_IM won by resignation"]

1. e4 e5 2. Nf3 Nc6 3. Bb5 a6 4. Ba4 Nf6 5. O-O Be7 6. d3 b5 7. Bb3 d6 8. Bd2 O-O 9. Re1 Bg4 10. h3 Bxf3 11. Qxf3 Nd4 12. Qd1 Nxb3 13. axb3 c5 14. Bg5 Nd5 15. Bxe7 Nxe7 16. Nc3 b4 17. Ne2 f5 18. exf5 Nxf5 19. Rf1 Qg5 20. Qc1 Qg6 21. Qd2 Rf6 22. f4 Nh4 23. Rf2 Raf8 24. Rxa6 exf4 25.
Nxf4 Rxf4 26. Rxf4 Rxf4 27. Ra8+ Rf8 28. Rxf8+ Kxf8 29. Qf4+ Qf6 30. Qe4 Qd4+ 31. Qxd4 cxd4 32. Kf2 g5 33. g3 Nf5 34. Kf3 Ne3 35. Ke4 Nxc2 36. Kd5 Ke7 37. g4 h6 38. Kc4 Ke6 39. Kb5 Kd5 0-1

[Event "*** SCC Grand Prix: Titled Tuesday Blitz"]
[Site "Chess.com"]
[Date "2020.07.14"]
[Round "6"]
[White "orrbaverlekszarnyon"]
[Black "Evachess2006"]
[Result "1-0"]
[WhiteElo "2154"]
[BlackElo "1613"]
[TimeControl "180+1"]
[EndTime "11:04:52 PDT"]
[Termination "orrbaverlekszarnyon won by resignation"]

1. e4 e5 2. Nf3 Nc6 3. Bc4 Bc5 4.
b4 Bxb4 5. c3 Be7 6. d4 exd4 7.
cxd4 d6 8. Qb3 Na5 9. Bxf7+ Kf8 10. Qa4 Kxf7 11. Qxa5 Nf6 12. e5 Ng4 13. O-O dxe5 14.
dxe5 Re8 15. h3 Nh6 16. Bxh6 gxh6 17. Nc3 Bg5 18. Rad1 Qe7 19. Nd5 Qf8 20. Qxc7+ 1-0

[Event "*** SCC Grand Prix: Titled Tuesday Blitz"]
[Site "Chess.com"]
[Date "2020.07.14"]
[Round "6"]
[White "Infernal_XaM"]
[Black "floplover"]
[Result "1-0"]
[WhiteElo "2969"]
[BlackElo "2266"]
[TimeControl "180+1"]
[EndTime "11:04:53 PDT"]
[Termination "Infernal_XaM won on time"]

1. Nf3 d5 2. d4 e6 3. c4 Nf6 4. e3 Be7 5. Nc3 O-O 6. g4 dxc4 7. g5 Nd5 8. Bxc4 c5 9. e4 Nxc3 10. bxc3 cxd4 11. cxd4 Bb4+ 12. Bd2 Bxd2+ 13. Qxd2 Nd7 14. h4 b6 15. h5 Bb7 16. Rh4 Rc8 17. Bb3 Qc7 18.
g6 Qc3 19. Qxc3 Rxc3 20. Ng5 Ba6 21. gxf7+ Kh8 22. h6 g6 23. e5 Bc4 24. Ne4 Bxb3 25. Nxc3 Bc4 26. Ne4 Bd5 27. Nd6 Nb8 28. Rc1 Nc6 29.
Rxc6 Bxc6 30. Rh3 Bd5 31. Rc3 g5 32. Rc8 1-0

[Event "*** SCC Grand Prix: Titled Tuesday Blitz"]
[Site "Chess.com"]
[Date "2020.07.14"]
[Round "6"]
[White "WPWPWP-2015"]
[Black "barriochess"]
[Result "1-0"]
[WhiteElo "2430"]
[BlackElo "2291"]
[TimeControl "180+1"]
[EndTime "11:04:57 PDT"]
[Termination "WPWPWP-2015 won by resignation"]

1. e4 c5 2. Nc3 Nc6 3. Bb5 g6 4. Nge2 Bg7 5. O-O Nd4 6. Bc4 Nh6 7. f4 O-O 8. d3 e6 9. e5 Nhf5 10. Ne4 Nxe2+ 11. Qxe2 b6 12. g4 Nd4 13. Qd1 Bb7 14.
c3 Bxe4 15. dxe4 Nc6 16. g5 Qc7 17. Be3 Rad8 18. Qd6 Qxd6 19. exd6 f6 20. h4 fxg5 21. hxg5 Na5 22. Be2 Nb7 23. Rad1 Rf7 24. e5 Na5 25. b4 cxb4 26. cxb4 Nc6 27. a3 Rb8 28. Bf3 Nd8 29. Be4 Rf8 30. Rc1 a5 31. Rc7 Rf7 32. Rfc1 Kf8 33. Rc8 1-0

[Event "*** SCC Grand Prix: Titled Tuesday Blitz"]
[Site "Chess.com"]
[Date "2020.07.14"]
[Round "6"]
[White "PauloCesarCosta_sad"]
[Black "Tactictic"]
[Result "0-1"]
[WhiteElo "2210"]
[BlackElo "2379"]
[TimeControl "180+1"]
[EndTime "11:04:57 PDT"]
[Termination "Tactictic won on time"]

1. Nf3 d5 2. d4 Nf6 3. c4 e6 4. Nc3 Be7 5. Bg5 h6 6. Bh4 O-O 7. e3 b6 8. cxd5 Nxd5 9. Bxe7 Nxe7 10. Rc1 Bb7 11. Be2 Na6 12. O-O c5 13. Bxa6 Bxa6 14. Re1 cxd4 15. Qxd4 Qxd4 16. Nxd4 Rac8 17. Ndb5 Bxb5 18. Nxb5 a6 19. Nd6 Rc6 20. Rxc6 Nxc6 21. g3 Rd8 22. Ne4 f5 23. Nc3 Rd2 24. Rb1 Ne5 25. b3 Rc2 26. Na4 b5 27. Nb2 Nf3+ 28. Kg2 Nd2 0-1

[Event "*** SCC Grand Prix: Titled Tuesday Blitz"]
[Site "Chess.com"]
[Date "2020.07.14"]
[Round "6"]
[White "Konavets"]
[Black "13MiRacLe"]
[Result "1-0"]
[WhiteElo "3044"]
[BlackElo "2630"]
[TimeControl "180+1"]
[EndTime "11:04:58 PDT"]
[Termination "Konavets won by resignation"]

1. c4 e5 2. Nc3 Nf6 3. Nf3 Nc6 4. g3 d5 5. cxd5 Nxd5 6. Bg2 Nb6 7. O-O Be7 8. Rb1 O-O 9. b4 a6 10. a4 f6 11. b5 axb5 12. axb5 Nd4 13. d3 Be6 14. Nd2 Rb8 15. e3 Nf5 16. Qc2 Qd7 17. Nde4 Rfd8 18. Rd1 Qc8 19. Bb2 Nd6 20. Nc5 Bh3 21. Bh1 Nd7 22. Nd5 Bf8 23. Nxd7 Rxd7 24. Rdc1 c6 25. Nb6 Qd8 26. Nxd7 Bxd7 27. bxc6 bxc6 28. Bxc6 Bxc6 29. Qxc6 h5 30. Qd5+ Kh7 31. Ba3 Rxb1 32. Rxb1 Qc7 33. Bxd6 Bxd6 34. Rb7 1-0

[Event "*** SCC Grand Prix: Titled Tuesday Blitz"]
[Site "Chess.com"]
[Date "2020.07.14"]
[Round "6"]
[White "nocnypako"]
[Black "dennisodessa"]
[Result "1-0"]
[WhiteElo "2597"]
[BlackElo "2446"]
[TimeControl "180+1"]
[EndTime "11:04:59 PDT"]
[Termination "nocnypako won on time"]

1. d4 Nf6 2. c4 e6 3. Nc3 Bb4 4. e3 b6 5. Ne2 Bb7 6. a3 Be7 7. d5 O-O 8. Nf4 a5 9. Bd3 Na6 10. O-O Nc5 11. Bc2 e5 12. Nh5 d6 13. Rb1 Nxh5 14. Qxh5 g6 15. Qe2 a4 16. e4 Bg5 17.
Be3 Bxe3 18. Qxe3 Qe7 19. Rfc1 f5 20. exf5 gxf5 21. Qe2 Kh8 22. Qd1 Qd7 23. Nb5 Ba6 24. Bxa4 Nxa4 25. Qxa4 Bxb5 26. Qxb5 Qg7 27. Rc3 f4 28.
Qb3 Rg8 29. g3 Raf8 30. Qd1 1-0

[Event "*** SCC Grand Prix: Titled Tuesday Blitz"]
[Site "Chess.com"]
[Date "2020.07.14"]
[Round "6"]
[White "DinaBelenkaya"]
[Black "mamey78"]
[Result "0-1"]
[WhiteElo "2273"]
[BlackElo "2422"]
[TimeControl "180+1"]
[EndTime "11:05:00 PDT"]
[Termination "mamey78 won by resignation"]

1. e4 e5 2. Nf3 Nc6 3. d4 exd4 4.
Nxd4 Nf6 5. Nxc6 bxc6 6. Bd3 d5 7. exd5 cxd5 8. O-O Bd6 9. c4 dxc4 10. Re1+ Be6 11. Bxc4 O-O 12. Bxe6 fxe6 13. Qb3 Kh8 14. h3 Rb8 15. Qa4 Nd5 16. Qxa7 Nb4 17. Qa4 Nd3 18. Re4 Nxc1 19. Qc2 Nd3 20. Nc3 Rxb2 21. Qd1 Nxf2 22. Rxe6 Nxd1 0-1

[Event "*** SCC Grand Prix: Titled Tuesday Blitz"]
[Site "Chess.com"]
[Date "2020.07.14"]
[Round "6"]
[White "aa175"]
[Black "AlanZhang"]
[Result "1-0"]
[WhiteElo "2394"]
[BlackElo "2221"]
[TimeControl "180+1"]
[EndTime "11:05:00 PDT"]
[Termination "aa175 won by checkmate"]

1. d4 Nf6 2. Nf3 d5 3. Bf4 e6 4. e3 Be7 5. Bd3 O-O 6. Nbd2 c5 7. c3 Nc6 8. Ne5 Qb6 9. Rb1 c4 10. Bc2 Nxe5 11. dxe5 Nd7 12. h4 Nc5 13. Bxh7+ Kxh7 14. Qh5+ Kg8 15. Nf3 f6 16. Ng5 fxg5 17. hxg5 Nd3+ 18.
Kf1 Rxf4 19. Qh8+ Kf7 20. g6+ Kxg6 21. Qh5# 1-0

[Event "*** SCC Grand Prix: Titled Tuesday Blitz"]
[Site "Chess.com"]
[Date "2020.07.14"]
[Round "6"]
[White "2008king"]
[Black "Angel_Hranitel_37"]
[Result "0-1"]
[WhiteElo "2229"]
[BlackElo "2397"]
[TimeControl "180+1"]
[EndTime "11:05:00 PDT"]
[Termination "Angel_Hranitel_37 won by resignation"]

1. e4 c5 2. Nf3 e6 3. d4 cxd4 4. Nxd4 Nf6 5. Nc3 Nc6 6. Be3 Bb4 7.
Bd3 d5 8. Nxc6 bxc6 9. exd5 cxd5 10. Bd2 Bd7 11. O-O O-O 12. a3 Bd6 13. Qe2 Rb8 14. b4 Qc7 15. Nb5 Bxb5 16. Bxb5 Bxh2+ 17. Kh1 Bf4 18. Bxf4 Qxf4 19. g3 Qd4 20. Bd3 e5 21.
Rad1 e4 22. Ba6 Qe5 23. c4 d4 24. f4 Qe6 25. c5 d3 0-1

[Event "*** SCC Grand Prix: Titled Tuesday Blitz"]
[Site "Chess.com"]
[Date "2020.07.14"]
[Round "6"]
[White "UCantHandleDenker"]
[Black "UKR_Master"]
[Result "1-0"]
[WhiteElo "2529"]
[BlackElo "2325"]
[TimeControl "180+1"]
[EndTime "11:05:03 PDT"]
[Termination "UCantHandleDenker won by resignation"]

1. Nf3 Nf6 2. g3 d5 3. Bg2 c6 4. O-O Bg4 5. d3 Nbd7 6. Nbd2 e6 7. h3 Bh5 8. Qe1 Bd6 9. e4 dxe4 10. dxe4 e5 11. Nc4 Bc7 12. a4 O-O 13. b3 Re8 14. Ba3 Bxf3 15. Bxf3 Nb6 16. Rd1 Qc8 17. Na5 Qxh3 18. Nxb7 Re6 19. Qe2 h5 20. Nc5 Ree8 21. Bg2 Qc8 22. a5 Nbd7 23. Bh3 Rd8 24. Nxd7 Nxd7 25. Be7 1-0